 Dungeon Crawl Stone Soup version 0.29-a0-1009-g60c99734e7 (webtiles) character file.

Game seed: 14566758023781054498

31 spaghetti the Trooper (level 3, -3/29 HPs)
             Began as a Demonspawn Chaos Knight on Aug 9, 2022.
             Was a Plaything of Xom.
             Slain by an orc
             ... wielding a +0 whip
              (5 damage)
             ... on level 2 of the Dungeon.
             The game lasted 00:02:31 (1192 turns).

spaghetti the Trooper (Demonspawn Chaos Knight)     Turns: 1192, Time: 00:02:31

Health: -3/29      AC:  5    Str: 12    XL:     3   Next: 7%
Magic:  3/3        EV: 11    Int: 13    God:    Xom [..*...]
Gold:   25         SH:  0    Dex: 16    Spells: 2/2 levels left

rFire   . . .      SeeInvis .   a - +0 short sword (chaos) {short}
rCold   + . .      Faith    .   (no shield)
rNeg    . . .      Spirit   .   n - +2 leather armour {rC+}
rPois   .          Reflect  .   (no helmet)
rElec   .          Harm     .   (no cloak)
rCorr   .          Rampage  .   (no gloves)
Will    .....                   (no boots)
Stlth   +++++.....              (no amulet)
HPRegen 0.09/turn               (no ring)
MPRegen 0.08/turn               (no ring)

@: especially stealthy
A: thin skeletal structure 1, weakness stinger 1
a: Renounce Religion


You were on level 2 of the Dungeon.
You worshipped Xom.
You were a toy of Xom.
You visited 1 branch of the dungeon, and saw 2 of its levels.

You collected 25 gold pieces.


Innate Abilities, Weirdness & Mutations

You have a somewhat thin skeletal structure. (Dex +2, Stealth+)
You have a small tail.


   Skills:
 - Level 3.0 Fighting
 - Level 2.6 Short Blades
 - Level 1.7 Armour
 - Level 0.8 Dodging
 + Level 2.8 Stealth


You had 2 spell levels left.
You didn't know any spells.
Your spell library contained the following spells:

 Spells                   Type           Power      Damage    Failure   Level
 Tukima's Dance           Hex            0%         N/A       75%         3
 Passage of Golubria      Tloc           0%         N/A       98%         4
 Yara's Violent Unravell  Hex/Tmut       0%         3d3       100%        5

Inventory:

Hand Weapons
 a - a +0 short sword of chaos (weapon) {short}
Missiles
 f - 13 stones {throwing}
 h - 5 atropa-tipped darts {throwing}
Armour
 b - a +2 leather armour
 n - a +2 leather armour of cold resistance (worn)
   (You found it on level 1 of the Dungeon)
Scrolls
 d - 2 scrolls of amnesia {unknown}
 e - a scroll of enchant weapon {unknown}
 g - a scroll of magic mapping {unknown}
 i - a scroll of teleportation {unknown}
 p - a scroll of enchant armour {unknown}
 q - a scroll of acquirement {unknown}
Potions
 j - a potion of ambrosia {unknown}
 k - a potion of haste {unknown}
 l - a potion of lignification {unknown}
 m - a potion of curing {unknown}
 o - a potion of degeneration {unknown}
Miscellaneous
 c - a piece from Xom's chessboard (15/15) (quivered)

Dungeon Overview and Level Annotations

Branches:
Dungeon (2/15) Zot: 10809

Altars:

Shops:
D:1

: .#.####.#.#
..........#####.##
.................
...######.#.###.#
.. #.....#.#
#####......##
......!...#..#
#####(...o#).#.##
#......@o....#
#.#...###.#....
#...... # #
......### ####.##
##


You could see 2 orcs.


Message History

Done exploring.
Done exploring.
Done exploring.
Done exploring.
(D) Dungeon
Where to? (? - help)
There is a stone staircase leading down here.
You climb downwards.
Xom whispers: Shhh!
You feel stealthy.
Found a silvery potion.
Found a stone staircase leading up.
There is a stone staircase leading up here.
An orc comes into view. It is wielding a +0 dagger.
An orc is nearby!
An orc is nearby!
An orc comes into view. It is wielding a +0 club.
The orc shouts! x2; You hear a shout!
An orc comes into view. It is wielding a +0 whip.
You see here 10 gold pieces.
You closely miss the orc. You completely miss the orc.
An orc comes into view. It is wielding a +0 whip.
The orc hits you with a +0 dagger. 😕 HP[-1]
You take 1 damage, and now have 23/24 hp.
You hit the orc. You freeze the orc. Your punch misses the orc.
The orc hits you but does no damage.
You hit the orc but do no damage. The orc misses you.
You closely miss the orc.
The orc hits you with a +0 dagger. 😕 HP[-2]
You take 2 damage, and now have 21/24 hp.
You are too injured to fight recklessly!
You are too injured to fight recklessly!
You are too injured to fight recklessly!
You are too injured to fight recklessly!
You are too injured to fight recklessly!
You are too injured to fight recklessly!
You are too injured to fight recklessly!
You are too injured to fight recklessly!
You are too injured to fight recklessly!
You are too injured to fight recklessly!
Unknown command.
You closely miss the orc. The orc hits you but does no damage.
The orc closely misses you.
You barely miss the orc. The orc barely misses you.
The orc hits you with a +0 dagger. 😕 HP[-2]
You take 2 damage, and now have 19/24 hp.
You barely miss the orc. The orc misses you.
The orc hits you but does no damage.
The orc hits you with a +0 dagger. 😮 HP[-1]
You take 1 damage, and now have 18/24 hp.
You hit the orc.
You kill the orc!
The orc hits you with a +0 whip. The orc hits you but does no damage.
You have reached level 3!
Your experience leads to an increase in your attributes!
Increase (S)trength, (I)ntelligence, or (D)exterity?
You feel agile. x2; Your demonic ancestry asserts itself...
You grow a small tail.
Xom is highly amused! 😮 MP[+1]
You now have 29 max hp (+5).
Your mp is fully restored (3).
You hit the orc but do no damage. The orc closely misses you.
The orc hits you with a +0 club. 😮 HP[-1]
You take 1 damage, and now have 17/29 hp.
You barely miss the orc.
Your tail-slap misses the orc.
The orc hits you with a +0 club.
The orc hits you but does no damage. 😮 HP[-2]
You take 2 damage, and now have 15/29 hp.
You closely miss the orc. The orc hits you with a +0 whip.
* * * LOW HITPOINT WARNING * * *
The orc hits you but does no damage. 😨 HP[-2]
You take 2 damage, and now have 13/29 hp.
You hit the orc.
The orc appears confused.
The orc barely misses you. The orc hits you with a +0 club.
* * * LOW HITPOINT WARNING * * *
😨 HP[-1]
You take 1 damage, and now have 12/29 hp.
Unknown command.
You strike the helpless orc from behind!
You puncture the orc!
You kill the orc!
The orc hits you with a +0 whip.
* * * LOW HITPOINT WARNING * * *
😨 HP[-2]
You take 2 damage, and now have 10/29 hp.
You hit the orc but do no damage.
The orc seems to slow down.
The orc barely misses you. The orc closely misses you.
You hit the orc.
The orc is poisoned.
The orc hits you with a +0 whip.
* * * LOW HITPOINT WARNING * * *
😱 HP[-3]
You take 3 damage, and now have 7/29 hp.
You hit the orc.
The orc is moving more slowly.
The orc hits you with a +0 whip.
* * * LOW HITPOINT WARNING * * *
The orc hits you with a +0 whip.
You die...

Skill      XL: |  1  2 |
---------------+-------+-----
Stealth        | 1 2 |  2.8
Fighting       | |  3.0
Short Blades   | |  2.6
Armour         | |  1.7
Dodging        | |  0.8

Action                   || total
-------------------------++-------
Melee: Short sword       ||    82
 Stab: Sleeping          ||     3
       Confused          ||     1
Armor: Leather armour    ||    48
Dodge: Dodged            ||    55

Levels and vault maps discovered:
D:1:      matt_arrival_refuge, layout_basic, serial_shops, shop
D:2:      layout_basic, uniq_terence

Notes
Turn   | Place    | Note
-------+----------+-------------------------------------------
     0 | D:1      | spaghetti the Demonspawn Chaos Knight began the quest for
                  | the Orb.
     0 | D:1      | Reached XP level 1. HP: 18/18 MP: 1/1
     0 | D:1      | magus.rc [v1.9.6]
   123 | D:1      | Reached skill level 1 in Stealth
   185 | D:1      | You add the spells Tukima's Dance, Passage of Golubria and
                  | Yara's Violent Unravelling to your library.
   323 | D:1      | XOM: noise
   326 | D:1      | Gained mutation: You have a somewhat thin skeletal
                  | structure. (Dex +2, Stealth+) [demonic ancestry]
   326 | D:1      | Reached XP level 2. HP: 22/24 MP: 2/2
   402 | D:1      | Found Irusoac's Book Boutique.
   402 | D:1      | XOM: 5-stop teleportation journey
   423 | D:1      | Reached skill level 2 in Stealth
   978 | D:1      | XOM: divination: detect creatures
  1164 | D:2      | XOM: stealth player
  1185 | D:2      | Gained mutation: You have a small tail. [demonic ancestry]
  1185 | D:2      | Reached XP level 3. HP: 18/29 MP: 3/3
  1191 | D:2      | HP: 7/29 [orc/+0 whip (3)]
  1192 | D:2      | HP: 2/29 [orc/+0 whip (5)]
  1192 | D:2      | Slain by an orc

Vanquished Creatures
  A dart slug (D:1)
  2 orcs (D:2)
  5 bats (D:1)
  2 endoplasms (D:1)
  A giant cockroach (D:1)
  3 goblins (D:1)
  A hobgoblin (D:1)
  3 jackals (D:1)
  A quokka (D:1)
  2 ball pythons (D:1)
  A frilled lizard (D:1)
  A kobold (D:1)
  3 rats (D:1)
26 creatures vanquished.

Table legend:
 A = Non-vault XP
 B = Vault XP
 C = Vault XP percentage of total XP
 D = Non-vault monster count
 E = Vault monster count
 F = Vault count percentage of total count
                 A         B        C        D         E       F
            +---------+---------+-------+---------+---------+-------
      Total |      45 |       0 |   0.0 |      26 |       0 |   0.0
            +---------+---------+-------+---------+---------+-------
        D:1 |      39 |       0 |   0.0 |      24 |       0 |   0.0
        D:2 |       6 |       0 |   0.0 |       2 |       0 |   0.0
            +---------+---------+-------+---------+---------+-------

Illustrated notes

Table legend:
 A = Kills in this place as a percentage of kills in entire the game.
 B = Kills by you in this place as a percentage of kills by you in the entire game.
 C = Kills by friends in this place as a percentage of kills by friends in the entire game.
 D = Other kills in this place as a percentage of other kills in the entire game.
 E = Experience gained in this place as a percentage of experience gained in the entire game.
 F = Experience gained in this place divided by the number of levels of this place that you have seen.
                   A       B       C       D       E      F
               +-------+-------+-------+-------+-------+----------------------
         Total | 100.0 | 100.0 |   N/A |   N/A | 100.0 |  22.5
       Dungeon | 100.0 | 100.0 |   N/A |   N/A | 100.0 |  22.5
               +-------+-------+-------+-------+-------+----------------------

Table legend: (Time is in decaauts)
 A = Elapsed time spent in this place.
 B = Non-inter-level travel time spent in this place.
 C = Inter-level travel time spent in this place.
 D = Time resting spent in this place.
 E = Time spent auto-exploring this place.
 F = Levels seen in this place.
 G = Mean time per level.
                   A        B        C        D        E       F      G
               +--------+--------+--------+--------+--------+-----+--------+
         Total |   1189 |   1159 |     30 |      0 |    949 |   2 |  594.5 |
       Dungeon |   1189 |   1159 |     30 |      0 |    949 |   2 |  594.5 |
               +--------+--------+--------+--------+--------+-----+--------+

Top non-repeatable levels by time:
     D:1: 1162 daAuts
     D:2: 27 daAuts
